 Dungeon Crawl Stone Soup version 0.29-a0-330-g52719c12eb (webtiles) character file.

Game seed: 4398075672548438222

95 Crownlay the Cleaver (level 4, 0/32 HPs)
             Began as a Gnoll Wanderer on May 23, 2022.
             Slain by a worm (3 damage)
             ... on level 2 of the Dungeon.
             The game lasted 00:02:12 (1518 turns).

Crownlay the Cleaver (Gnoll Wanderer)               Turns: 1518, Time: 00:02:13

Health: 0/32       AC:  9    Str: 13    XL:     4   Next: 65%
Magic:  8/8        EV:  9    Int: 13    God:
Gold:   84         SH:  0    Dex: 10    Spells: 8/9 levels left

rFire   . . .      SeeInvis .   a - +2 hand axe
rCold   . . .      Faith    .   (no shield)
rNeg    . . .      Spirit   .   b - +0 scale mail
rPois   .          Reflect  .   (no helmet)
rElec   .          Harm     .   (no cloak)
rCorr   .          Rampage  .   d - +0 pair of gloves
Will    .....                   e - +0 pair of boots
Stlth   ..........              k - amulet of regeneration
HPRegen 0.90/turn               (no ring)
MPRegen 0.11/turn               (no ring)

@: no status effects
A: fangs 1, strong nose, distributed training
a: no special abilities


You were on level 2 of the Dungeon.
You visited 1 branch of the dungeon, and saw 2 of its levels.

You collected 84 gold pieces.

Inventory:

Hand Weapons
 a - a +2 hand axe (weapon)
Armour
 b - a +0 scale mail (worn)
 d - a +0 pair of gloves (worn)
 e - a +0 pair of boots (worn)
Jewellery
 k - an amulet of regeneration (around neck)
Scrolls
 c - 3 scrolls of teleportation
 j - a scroll of fog {unknown}
Potions
 f - 2 potions of haste {unknown}
 g - a potion of lignification {unknown}
 h - 3 potions of curing {unknown}
 i - a potion of magic {unknown}


   Skills:
 + Level 1.2 Fighting
 + Level 1.2 Short Blades
 + Level 1.2 Long Blades
 + Level 10.5 Axes
 + Level 1.2 Maces & Flails
 + Level 1.2 Polearms
 + Level 1.2 Staves
 + Level 1.2 Slings
 + Level 1.2 Bows
 + Level 1.2 Crossbows
 + Level 1.2 Throwing
 + Level 4.6 Armour
 + Level 1.2 Dodging
 + Level 1.2 Stealth
 + Level 1.2 Shields
 + Level 1.2 Unarmed Combat
 + Level 3.0 Spellcasting
 + Level 3.8 Conjurations
 + Level 1.0 Hexes
 + Level 1.0 Summonings
 + Level 1.0 Necromancy
 + Level 1.0 Translocations
 + Level 1.0 Transmutations
 + Level 1.0 Fire Magic
 + Level 1.0 Ice Magic
 + Level 1.0 Air Magic
 + Level 1.0 Earth Magic
 + Level 1.0 Poison Magic
 + Level 1.3 Invocations
 + Level 1.2 Evocations


You had 8 spell levels left.
You knew the following spells:

 Your Spells              Type           Power      Damage    Failure   Level
a - Shock                 Conj/Air       32%        1d5       34%         1

Your spell library contained the following spells:

 Spells                   Type           Power      Damage    Failure   Level
 Summon Small Mammal      Summ           16%        N/A       54%         1
 Blink                    Tloc           8%         N/A       67%         2
 Conjure Flame            Conj/Fire      8%         6-21      71%         3
 Mephitic Cloud           Conj/Pois/Air  7%         N/A       78%         3
 Call Canine Familiar     Summ           4%         N/A       88%         3
 Confusing Touch          Hex            4%         N/A       88%         3
 Ignite Poison            Fire/Tmut/Pois 4%         N/A       88%         3
 Summon Guardian Golem    Hex/Summ       4%         N/A       88%         3
 Sticky Flame             Conj/Fire      8%         2d3       98%         4
 Manifold Assault         Tloc           4%         N/A       100%        5
 Yara's Violent Unravell  Hex/Tmut       2%         3d3       100%        5
 Enfeeble                 Hex            2%         N/A       100%        7
 Storm Form               Tmut/Air       2%         N/A       100%        7


Dungeon Overview and Level Annotations

Branches:
Dungeon (2/15)

Altars:

Shops:
D:2 (

Annotations:
D:2 Natasha, Terence


Innate Abilities, Weirdness & Mutations

You have very sharp teeth.
Your uncanny sense of smell can sniff out nearby items.
Your experience applies equally to all skills.


Message History

You bite the orc priest, but do no damage.
The orc priest is heavily wounded.
You completely miss the worm. You closely miss Terence.
Terence hits you but does no damage. The orc priest hits you with a +0 club.
The worm bites you but does no damage.
Natasha mumbles some strange words.
You barely miss the orc priest. Your bite misses the orc priest.
The orc priest is heavily wounded.
You hit Terence. You hit the worm but do no damage.
The orc priest barely misses you. Terence barely misses you.
You hit the orc priest but do no damage.
You bite the orc priest, but do no damage.
The orc priest is heavily wounded.
You hit the worm. You hit Terence but do no damage.
The orc priest closely misses you. The worm barely misses you.
Terence hits you with a +0 falchion.
You hit the orc priest but do no damage.
Your bite misses the orc priest.
The orc priest is heavily wounded.
You hit the worm. You hit Terence but do no damage. You hit the orc priest.
The orc priest is severely wounded.
You hit the worm. You completely miss Terence.
Terence hits you but does no damage.
The orc priest hits you but does no damage.
The worm bites you but does no damage.
You barely miss the orc priest.
You bite the orc priest, but do no damage.
The orc priest is severely wounded.
You hit the worm but do no damage. You hit Terence.
Terence hits you with a +0 falchion. The orc priest closely misses you.
You closely miss the orc priest.
The orc priest is severely wounded.
You hit Terence. You barely miss the worm.
The orc priest invokes the aid of Beogh against you.
Beogh smites you!
Ouch! That really hurt!
* * * LOW HITPOINT WARNING * * *
Terence hits you but does no damage. The worm bites you.
You die...

##.# #.## #.#.#.
#...## #... ##....#
##..#.#.###.##
..5...
......†...<..∩
....#####.#.#.##..[.
....### #..........
#.Sh.. ....##......
#@ow# ####.........
#)@# #.##...... #..#
# ##..... #.)#
##.... #..# ...##
#..# #..
#..######### #..
#..........# #.#
#..#######.# #.#
.....# #.#####.#


You could see Terence, a worm, an orc priest, Natasha, a crimson imp (summoned)
and an adder.

Vanquished Creatures
  Jessica (D:2)
  Natasha (D:2)
  An adder (D:2)
  A worm (D:2)
  4 orcs (D:2)
  A bat (D:1)
  3 endoplasms
  3 goblins
  2 hobgoblins
  A quokka (D:2)
  3 ball pythons
  A frilled lizard (D:1)
  3 kobolds (D:1)
  4 rats
29 creatures vanquished.

Notes
Turn   | Place    | Note
-------+----------+-------------------------------------------
     0 | D:1      | Reached skill level 10 in Axes
     0 | D:1      | Crownlay the Gnoll Wanderer began the quest for the Orb.
     0 | D:1      | Crownlay set off with the following items: a +2 hand axe, a
                  | +0 scale mail, a scroll of teleportation; and the following
                  | spell memorised: Shock; and the following spells available
                  | to memorise: Mephitic Cloud
     0 | D:1      | Reached XP level 1. HP: 13/13 MP: 4/4
   482 | D:1      | Reached XP level 2. HP: 19/19 MP: 5/5
   964 | D:2      | Found Oshredemp's Weapon Shoppe.
   984 | D:2      | Noticed Natasha
   993 | D:2      | Killed Natasha
   994 | D:2      | Reached skill level 1 in Invocations
   994 | D:2      | Reached XP level 3. HP: 22/25 MP: 7/7
  1076 | D:2      | Reached skill level 1 in Fighting
  1076 | D:2      | Reached skill level 1 in Short Blades
  1076 | D:2      | Reached skill level 1 in Long Blades
  1076 | D:2      | Reached skill level 1 in Maces & Flails
  1076 | D:2      | Reached skill level 1 in Polearms
  1076 | D:2      | Reached skill level 1 in Staves
  1076 | D:2      | Reached skill level 1 in Slings
  1076 | D:2      | Reached skill level 1 in Bows
  1076 | D:2      | Reached skill level 1 in Crossbows
  1076 | D:2      | Reached skill level 1 in Throwing
  1076 | D:2      | Reached skill level 1 in Dodging
  1076 | D:2      | Reached skill level 1 in Stealth
  1076 | D:2      | Reached skill level 1 in Shields
  1076 | D:2      | Reached skill level 1 in Unarmed Combat
  1076 | D:2      | Reached skill level 1 in Evocations
  1094 | D:2      | Noticed Jessica
  1112 | D:2      | Killed Jessica
  1113 | D:2      | Reached XP level 4. HP: 6/32 MP: 5/8
  1500 | D:2      | Reached skill level 1 in Hexes
  1500 | D:2      | Reached skill level 1 in Summonings
  1500 | D:2      | Reached skill level 1 in Necromancy
  1500 | D:2      | Reached skill level 1 in Translocations
  1500 | D:2      | Reached skill level 1 in Transmutations
  1500 | D:2      | Reached skill level 1 in Fire Magic
  1500 | D:2      | Reached skill level 1 in Ice Magic
  1500 | D:2      | Reached skill level 1 in Air Magic
  1500 | D:2      | Reached skill level 1 in Earth Magic
  1500 | D:2      | Reached skill level 1 in Poison Magic
  1505 | D:2      | Noticed Terence
  1511 | D:2      | Noticed Natasha
  1518 | D:2      | Slain by a worm

Illustrated notes

Levels and vault maps discovered:
D:1:      kennysheep_arrival_forest, layout_loops_ring, grunt_decor_mini_mirrors
D:2:      layout_loops_ring, serial_shops, shop, uniq_natasha, uniq_terence,
          uniq_jessica

Skill      XL: |  1  2  3  4 |
---------------+-------------+-----
Axes           | | 10.5
Invocations    | 1 |  1.3
Fighting       | 1 |  1.2
Short Blades   | 1 |  1.2
Long Blades    | 1 |  1.2
Maces & Flails | 1 |  1.2
Polearms       | 1 |  1.2
Staves         | 1 |  1.2
Slings         | 1 |  1.2
Bows           | 1 |  1.2
Crossbows      | 1 |  1.2
Throwing       | 1 |  1.2
Dodging        | 1 |  1.2
Stealth        | 1 |  1.2
Shields        | 1 |  1.2
Unarmed Combat | 1 |  1.2
Evocations     | 1 |  1.2
Spellcasting   | 3 |  3.0
Hexes          | 1 |  1.0
Summonings     | 1 |  1.0
Necromancy     | 1 |  1.0
Translocations | 1 |  1.0
Transmutations | 1 |  1.0
Fire Magic     | 1 |  1.0
Ice Magic      | 1 |  1.0
Air Magic      | 1 |  1.0
Earth Magic    | 1 |  1.0
Poison Magic   | 1 |  1.0
Armour         | |  4.6
Conjurations   | |  3.8

Action                   |  1- 3 |  4- 6 || total
-------------------------+-------+-------++-------
Melee: Hand axe          |    54 |    34 ||    88
       Bite              |     1 |     6 ||     7
       Punch             |       |     1 ||     1
 Cast: Shock             |     1 |     2 ||     3
Armor: Scale mail        |    19 |    12 ||    31
Dodge: Dodged            |    21 |    16 ||    37

Table legend: (Time is in decaauts)
 A = Elapsed time spent in this place.
 B = Non-inter-level travel time spent in this place.
 C = Inter-level travel time spent in this place.
 D = Time resting spent in this place.
 E = Time spent auto-exploring this place.
 F = Levels seen in this place.
 G = Mean time per level.
                   A        B        C        D        E       F      G
               +--------+--------+--------+--------+--------+-----+--------+
         Total |   1498 |   1476 |     22 |      0 |   1288 |   2 |  749.0 |
       Dungeon |   1498 |   1476 |     22 |      0 |   1288 |   2 |  749.0 |
               +--------+--------+--------+--------+--------+-----+--------+

Top non-repeatable levels by time:
     D:1: 958 daAuts
     D:2: 540 daAuts
